 Dungeon Crawl Stone Soup version 0.29-a0-90-gc37658a0fe (webtiles) character file.

Game seed: 2541869814030282624

42 lordive the Grasshopper (level 3, 7/37 HPs)
             Began as an Ogre Warper on Feb 7, 2022.
             Quit the game on level 4 of the Dungeon.
             The game lasted 00:01:59 (1579 turns).

lordive the Grasshopper (Ogre Warper)               Turns: 1579, Time: 00:02:00

Health: 7/37       AC:  3    Str: 15    XL:     3   Next: 56%
Magic:  7/7        EV: 10    Int: 16    God:
Gold:   43         SH:  0    Dex:  8    Spells: 4/7 levels left

rFire   . . .      SeeInvis .   a - +0 mace
rCold   . . .      Faith    .   (no shield)
rNeg    . . .      Spirit   .   b - +0 robe
rPois   .          Reflect  .   (helmet restricted)
rElec   .          Harm     .   (no cloak)
rCorr   .          Rampage  .   (gloves unavailable)
Will    .....                   (boots unavailable)
Stlth   +.........              (no amulet)
HPRegen 0.12/turn               (no ring)
MPRegen 0.10/turn               (no ring)

@: no status effects
A: large, unfitting armour, tough skin 1
a: no special abilities


You were on level 4 of the Dungeon.
You visited 1 branch of the dungeon, and saw 4 of its levels.

You collected 43 gold pieces.

Inventory:

Hand Weapons
 a - a +0 mace (weapon)
Missiles
 d - 5 boomerangs of dispersal (quivered)
Armour
 b - a +0 robe (worn)
Jewellery
 j - a ring of see invisible
Scrolls
 c - a scroll of blinking
 e - a scroll of teleportation {unknown}
 g - a scroll of identify {unknown}
Potions
 f - a potion of lignification {unknown}
 h - a potion of heal wounds {unknown}
 i - a potion of curing {unknown}
 k - a potion of might {unknown}


   Skills:
 + Level 3.0 Fighting
 + Level 2.2 Maces & Flails
 + Level 1.0 Throwing
 + Level 2.3 Dodging
 + Level 2.7 Spellcasting
 * Level 3.3 Translocations


You had 4 spell levels left.
You knew the following spells:

 Your Spells              Type           Power      Damage    Failure   Level
a - Teleport Other        Tloc           12%        N/A       14%         3

Your spell library contained the following spells:

 Spells                   Type           Power      Damage    Failure   Level
 Blink                    Tloc           24%        N/A       8%          2
 Gell's Gravitas          Tloc           12%        N/A       14%         3
 Lesser Beckoning         Tloc           12%        N/A       14%         3
 Corpse Rot               Necr/Air       4%         N/A       28%         2
 Poisonous Vapours        Pois/Air       4%         N/A       28%         2
 Manifold Assault         Tloc           12%        N/A       80%         5


Dungeon Overview and Level Annotations

Branches:
Dungeon (4/15)
 Temple: D:4-7

Altars:

Shops:
D:2 (

Annotations:
D:2 Sigmund
D:3 Grinder
D:4 Menkaure


Innate Abilities, Weirdness & Mutations

You are too large for most types of armour.
You have tough skin. (AC +1)


Message History

No target in view!
No target in view!
Grinder comes into view.
Grinder is nearby!
Grinder is nearby!
Grinder is nearby!
Grinder is nearby!
Grinder is nearby!
Grinder gestures at you. Pain shoots through your body!
There is a stone staircase leading down here.
You climb downwards.
The orc shouts!
Found 3 poisoned darts and a scroll labelled HIDWUIL UGEP.
There is a stone staircase leading up here.
This spell is quite dangerous to cast!
Memorise Teleport Other, consuming 3 spell levels and leaving 4?
You start memorising the spell.
You continue memorising. x2
The kobold shouts!
You continue memorising.
You finish memorising.
Spell assigned to 'a'.
Found a bubbling yellow potion.
The kobold throws a stone.
The stone barely misses you.
The kobold throws a stone.
The stone hits you.
Found 12 gold pieces.
Menkaure, Prince of Dust comes into view.
Found 11 gold pieces.
Menkaure casts a spell.
Menkaure seems to speed up.
Menkaure calls on the powers of darkness!
Your body is wracked with pain!
The orc convulses!
You closely miss the orc.
The orc is moderately wounded.
Menkaure calls on the powers of darkness!
Your body is wracked with pain!
* * * LOW HITPOINT WARNING * * *
The orc convulses!
The orc barely misses you. The orc hits you with a +0 mace.
* * * LOW HITPOINT WARNING * * *
Unknown command.
Are you sure you want to abandon this character and quit the game? (Confirm with "yes".)

##...... ##
#......###.#. .
#........... ..
##...<.......
...#..(........#
..........##..#
..#......## # .
###K...# #@o....#
.$......#..........
.....#.##..........
..M. #.#...........
... ..#.!.....###.
.. #..........# .
.....##....# ......
....$.


You could see Menkaure (fast), an orc and a kobold.

Vanquished Creatures
  An adder (D:2)
  4 endoplasms
  3 giant cockroaches
  A goblin (D:1)
  3 hobgoblins
  6 kobolds
  3 quokkas (D:1)
  3 ball pythons
  2 bats (D:1)
  A frilled lizard (D:1)
  4 rats
31 creatures vanquished.

Notes
Turn   | Place    | Note
-------+----------+-------------------------------------------
     0 | D:1      | lordive the Ogre Warper began the quest for the Orb.
     0 | D:1      | Reached XP level 1. HP: 22/22 MP: 3/3
   316 | D:1      | Reached XP level 2. HP: 29/29 MP: 3/5
   558 | D:1      | Found a faded altar of an unknown god.
  1005 | D:1      | Reached XP level 3. HP: 26/37 MP: 6/6
  1335 | D:2      | Found Tofaudos's Antique Weapon Emporium.
  1517 | D:2      | Noticed Sigmund
  1549 | D:3      | Noticed Grinder
  1569 | D:4      | Learned a level 3 spell: Teleport Other
  1576 | D:4      | Noticed Menkaure
  1579 | D:4      | Quit the game

Illustrated notes

Levels and vault maps discovered:
D:1:      erik_arrival_orb_chamber, layout_rooms,
          chequers_ecumenical_altar_grove, minmay_misc_feat_enclosed,
          minmay_3d_cube
D:2:      layout_basic, serial_shops, nicolae_shop_hallway_plus, uniq_sigmund
D:3:      layout_loops_ring, uniq_natasha, uniq_grinder
D:4:      old_forge, layout_cave_pools, uniq_menkaure, uniq_robin,
          uniq_eustachio

Skill      XL: |  1  2 |
---------------+-------+-----
Maces & Flails | 2 |  2.2
Translocations | 3 |  3.3
Fighting       | 3 |  3.0
Throwing       | |  1.0
Dodging        | |  2.3
Spellcasting   | |  2.7

Action                   || total
-------------------------++-------
Melee: Mace              ||    94
       Punch             ||     2
Armor: Robe              ||    33
Dodge: Dodged            ||    58

Table legend: (Time is in decaauts)
 A = Elapsed time spent in this place.
 B = Non-inter-level travel time spent in this place.
 C = Inter-level travel time spent in this place.
 D = Time resting spent in this place.
 E = Time spent auto-exploring this place.
 F = Levels seen in this place.
 G = Mean time per level.
                   A        B        C        D        E       F      G
               +--------+--------+--------+--------+--------+-----+--------+
         Total |   1606 |   1590 |     16 |      0 |   1322 |   4 |  401.5 |
       Dungeon |   1606 |   1590 |     16 |      0 |   1322 |   4 |  401.5 |
               +--------+--------+--------+--------+--------+-----+--------+

Top non-repeatable levels by time:
     D:1: 1346 daAuts
     D:2: 212 daAuts
     D:3: 31 daAuts
     D:4: 15 daAuts
